 Dungeon Crawl Stone Soup version 0.29.1-12-g30fa7ad0bf (webtiles) character file.

Game seed: 7078261237823243181

2930 zeram the Cleaver (level 9, -4/79 HPs)
             Began as a Hill Orc Fighter on Dec 30, 2022.
             Slain by an orc warrior
             ... wielding a +0 battleaxe
              (11 damage)
             ... on level 7 of the Dungeon.
             The game lasted 00:14:44 (7557 turns).

zeram the Cleaver (Hill Orc Fighter)                Turns: 7557, Time: 00:14:45

Health: -4/79      AC: 18    Str: 23    XL:     9   Next: 79%
Magic:  9/9        EV:  6    Int:  8    God:
Gold:   444        SH:  6    Dex: 16    Spells: 8/8 levels left

rFire   . . .      SeeInvis .   a - +3 war axe
rCold   . . .      Faith    .   c - +0 buckler
rNeg    . . .      Spirit   .   h - +0 plate armour
rPois   +          Reflect  .   (no helmet)
rElec   .          Harm     .   d - +1 cloak {rPois}
rCorr   +          Rampage  .   y - +0 pair of gloves
Will    .....                   p - +0 pair of boots
Stlth   ..........              (no amulet)
HPRegen 0.23/turn               j - +6 ring of dexterity
MPRegen 0.11/turn               k - ring of resist corrosion

@: no status effects
A: no striking features
a: no special abilities


You were on level 7 of the Dungeon.
You visited 2 branches of the dungeon, and saw 8 of its levels.
You also visited: Ossuary.

You collected 480 gold pieces.
You spent 36 gold pieces at shops.

Inventory:

Hand Weapons
 a - a +3 war axe (weapon)
 A - a +3 mace
Armour
 b - a +0 scale mail
 c - a +0 buckler (worn)
 d - a +1 cloak of poison resistance (worn)
 h - a +0 plate armour (worn)
 p - a +0 pair of boots (worn)
 y - a +0 pair of gloves (worn)
Jewellery
 j - a +6 ring of dexterity (left hand)
 k - a ring of resist corrosion (right hand)
 l - a ring of magical power
 r - a ring of wizardry
 D - a +4 ring of evasion
Wands
 o - a wand of flame (42)
Scrolls
 i - a scroll of amnesia
 n - 4 scrolls of teleportation
 s - a scroll of fear
 u - 2 scrolls of immolation
 B - a scroll of enchant armour {unknown}
 C - a scroll of blinking
 E - a scroll of identify
Potions
 e - 3 potions of degeneration
 f - a potion of lignification
 g - 3 potions of curing
 m - 2 potions of flight {unknown}
 q - 2 potions of brilliance
 t - 3 potions of haste {unknown}
 v - a potion of cancellation {unknown}
 w - 2 potions of heal wounds {unknown}
 x - a potion of magic {unknown}
 z - 2 potions of mutation {unknown}


   Skills:
 + Level 7.4 Fighting
 + Level 12.4 Axes
 + Level 7.4 Armour
 + Level 0.5 Dodging
 + Level 5.5 Shields
 + Level 0.7 Evocations


You had 8 spell levels left.
You didn't know any spells.
Your spell library contained the following spells:

 Spells                   Type           Power      Damage    Failure   Level
 Beastly Appendage        Tmut           0%         N/A       100%        1
 Magic Dart               Conj           0%         1d3       100%        1
 Slow                     Hex            0%         N/A       100%        1
 Searing Ray              Conj           0%         2d4       100%        2
 Wereblood                Tmut           0%         N/A       100%        2
 Confusing Touch          Hex            0%         N/A       100%        3
 Spider Form              Tmut/Pois      0%         N/A       100%        3
 Vampiric Draining        Necr           0%         2d6       100%        3
 Fulminant Prism          Conj/Hex       0%         3d6       100%        4


Dungeon Overview and Level Annotations

Branches:
Dungeon (7/15)             Temple (1/1) D:5         Ossuary (visited)

Altars:
Ashenzari
Cheibriados
Dithmenos
Elyvilon
Fedhas
Kikubaaqudgha
Makhleb
Nemelex Xobeh
Okawaru
Ru
Sif Muna
Trog
Uskayaw
Vehumet
Wu Jian
Xom
Yredelemnul
Zin
The Shining One

Shops:
D:1 !   D:5 ?


Message History

You slash the orc warrior!
The orc warrior is heavily wounded.
You hit the orc warrior but do no damage.
You hit the orc. You block the orc warrior's attack.
The orc hits you with a +0 flail. The orc warrior closely misses you.
You slash the orc warrior!
The orc warrior is severely wounded.
You barely miss the orc warrior. You hit the orc. You slash the orc wizard!
The orc warrior hits you with a +0 battleaxe!
The orc warrior hits you with a +0 battleaxe.
The orc wizard points at you and mumbles some strange words.
The puff of flame hits you!
You hit the orc warrior but do no damage.
The orc warrior is severely wounded.
You completely miss the orc. You hit the orc but do no damage.
You hit the orc wizard. You slash the orc warrior!
The orc hits you but does no damage.
The orc warrior hits you with a +0 battleaxe!
The orc warrior hits you with a +0 battleaxe.
The orc wizard barely misses you. The orc hits you with a +0 short sword.
You are too injured to fight recklessly!
You barely miss the orc wizard.
The orc wizard is almost dead.
You slash the orc!
You kill the orc!
You hit the orc warrior. You closely miss the orc warrior. You slash the orc!
You kill the orc!
The orc warrior hits you with a +0 battleaxe!
* * * LOW HITPOINT WARNING * * *
You block the orc warrior's attack.
The orc wizard hits you with a +0 dagger.
* * * LOW HITPOINT WARNING * * *
You slice the orc wizard!!
You kill the orc wizard!
You hit the orc warrior but do no damage.
You closely miss the orc warrior.
The orc warrior hits you with a +0 battleaxe!
* * * LOW HITPOINT WARNING * * *
The orc warrior hits you with a +0 battleaxe!
You die...

#(.......#.......
#........#.......
#........#.......
#........#.......
#........'.......
#........#....[..
#........#..$....
#........#.......
#.....o@)#.......
#.....o))#.......
#........#.......
#........#.......
#........#
#........#
#........#
#........#


You could see 2 orc warriors.

Vanquished Creatures
  Grinder (D:3)
  A wyvern (D:4)
  A water moccasin (D:6)
  An orc warrior (D:6)
  2 ice beasts
  2 black bears
  A centaur (D:6)
  3 ogres
  3 phantoms
  A bullfrog (D:6)
  2 necrophages
  2 scorpions
  5 wights (D:6)
  A howler monkey (D:5)
  2 electric eels (D:6)
  A gnoll bouda (D:6)
  A hound (D:5)
  2 orc priests
  Crazy Yiuf (D:3)
  Terence (D:2)
  Natasha (thrice) (D:3)
  3 iguanas
  5 orc wizards
  A mummy (Ossuary)
  6 gnolls (D:6)
  12 adders
  A shadow imp (D:5)
  An ufetubus (D:7)
  4 worms
  A dart slug (D:2)
  24 orcs
  4 spectral bats (Ossuary)
  6 ball pythons
  9 endoplasms
  5 giant cockroaches
  7 goblins
  8 hobgoblins
  5 quokkas
  3 bats
  2 bat simulacra (Ossuary)
  4 frilled lizards
  12 gnoll zombies (Ossuary)
  2 goblin simulacra (Ossuary)
  7 goblin zombies
  4 hobgoblin zombies (Ossuary)
  9 kobolds
  4 kobold simulacra (Ossuary)
  5 kobold zombies (Ossuary)
  3 orc zombies (Ossuary)
  A quokka zombie (D:5)
  22 rats
  3 rat simulacra (Ossuary)
  4 spectral goblins (Ossuary)
  2 spectral kobolds (Ossuary)
  4 spectral rats (Ossuary)
230 creatures vanquished.

Notes
Turn   | Place    | Note
-------+----------+-------------------------------------------
     0 | D:1      | zeram the Hill Orc Fighter began the quest for the Orb.
     0 | D:1      | Reached XP level 1. HP: 19/19 MP: 1/1
    87 | D:1      | Reached XP level 2. HP: 27/27 MP: 2/2
   155 | D:1      | Found Rosib's Distillery.
   185 | D:1      | Reached skill level 3 in Axes
   207 | D:1      | Bought a potion of curing for 36 gold pieces
   445 | D:1      | Reached XP level 3. HP: 29/33 MP: 3/3
   935 | D:2      | Noticed Terence
   952 | D:2      | Killed Terence
   953 | D:2      | Reached skill level 4 in Axes
   953 | D:2      | Reached XP level 4. HP: 17/40 MP: 4/4
  1370 | D:2      | Found a faded altar of an unknown god.
  1507 | D:2      | Identified the +3 scale mail "Dasioqow" {rElec rC- rN++
                  | Regen+}
  1948 | D:3      | Found a sacrificial altar of Ru.
  1950 | D:3      | Noticed Natasha
  1964 | D:3      | Killed Natasha
  1965 | D:3      | Reached XP level 5. HP: 38/46 MP: 5/5
  2148 | D:3      | Reached skill level 5 in Axes
  2339 | D:3      | Identified the +3 leather armour of the Mantidfly {rN+ MP+9
                  | Int-3 Dex+5}
  2406 | D:3      | Noticed Natasha
  2407 | D:3      | You fall into a shaft and drop 2 floors!
  2407 | D:5      | Entered Level 5 of the Dungeon
  2435 | D:5      | Reached XP level 6. HP: 24/53 MP: 6/6
  2442 | D:5      | Found a sand-covered staircase.
  2455 | Ossuary  | Entered an ossuary
  2779 | Ossuary  | Reached skill level 6 in Axes
  3130 | D:5      | Found a staircase to the Ecumenical Temple.
  3163 | D:5      | Reached skill level 5 in Fighting
  3345 | D:5      | Found a blossoming altar of Fedhas.
  3349 | D:5      | Found a basalt altar of Yredelemnul.
  3351 | D:5      | Found a radiant altar of Vehumet.
  3352 | D:5      | Found an ornate altar of the Wu Jian Council.
  3352 | D:5      | Found a shimmering altar of Xom.
  3352 | D:5      | Found a bloodstained altar of Trog.
  3352 | D:5      | Found a snail-covered altar of Cheibriados.
  3352 | D:5      | Found a shimmering blue altar of Sif Muna.
  3354 | D:5      | Found a glowing silver altar of Zin.
  3354 | D:5      | Noticed an ice beast
  3373 | D:5      | Killed an ice beast
  3374 | D:5      | Reached skill level 7 in Axes
  3374 | D:5      | Reached XP level 7. HP: 34/61 MP: 7/7
  3472 | D:5      | Reached skill level 5 in Armour
  3618 | D:5      | Found Qetsenki's Magic Scroll Shop.
  4128 | D:5      | Reached skill level 8 in Axes
  4361 | Temple   | Entered the Ecumenical Temple
  4542 | D:4      | Reached XP level 8. HP: 69/69 MP: 8/8
  4826 | D:4      | Noticed a wyvern
  4861 | D:4      | Reached skill level 9 in Axes
  5051 | D:4      | Killed a wyvern
  5434 | D:4      | Found an iron altar of Okawaru.
  5526 | D:3      | Found a broken altar of Ashenzari.
  5561 | D:3      | Reached skill level 10 in Axes
  5589 | D:3      | Killed Natasha
  5590 | D:3      | Noticed Grinder
  5602 | D:3      | Killed Grinder
  5709 | D:3      | Noticed Natasha
  5715 | D:3      | Killed Natasha
  5716 | D:3      | Reached XP level 9. HP: 78/78 MP: 9/9
  5728 | D:3      | Found a runed translucent door.
  5729 | D:3      | Noticed Crazy Yiuf
  5897 | D:3      | Killed Crazy Yiuf
  5996 | D:6      | Reached skill level 11 in Axes
  6014 | D:6      | Reached skill level 5 in Shields
  6307 | D:6      | Reached skill level 12 in Axes
  7557 | D:7      | Slain by an orc warrior

Illustrated notes

Levels and vault maps discovered:
D:1:      spicycebolla_arrival_xxxplode, layout_rooms, serial_shops,
          nicolae_shop_advertising_works [nicolae_subvault_shop_adworks],
          minmay_vboxes
D:2:      layout_basic, hellmonk_ecumenical_altar_lost_god, uniq_terence
D:3:      layout_rooms, nicolae_ru_sacrificial_ziggurat, lemuel_round_altar,
          chequers_garden, st_stairs_8, minmay_fractal_squares_diagonal_5,
          uniq_grinder, uniq_crazy_yiuf_cottage, uniq_natasha
D:4:      minmay_clustersquares, layout_basic, marbit_many_paths,
          minmay_rat_hole
D:5:      layout_basic, grunt_temple_overflow_open, fedhas_ov_isle_minmay,
          minmay_temple_entry_waves, enter_ossuary_4, serial_shops,
          shop_fountains
D:6:      layout_basic, palyth_stone_intersect, chequers_serial_rivers_micro_e,
          kennysheep_donut, minmay_crossroads
D:7:      layout_gridville
Temple:   hellmonk_temple_beads

Skill      XL: |  1  2  3  4  5  6  7  8  9 |
---------------+----------------------------+-----
Fighting       | 4 5 6 7 |  7.4
Axes           | 3 4 5 7 8 10 12 | 12.4
Armour         | 4 5 6 7 |  7.4
Shields        | 4 5 |  5.5
Dodging        | |  0.5
Evocations     | |  0.7

Action                   |  1- 3 |  4- 6 |  7- 9 || total
-------------------------+-------+-------+-------++-------
Melee: War axe           |    81 |   233 |   268 ||   582
Evoke: Wand              |       |     5 |       ||     5
  Use: Scroll            |       |    15 |     4 ||    19
       Potion            |       |       |     3 ||     3
Armor: Scale mail        |    31 |       |       ||    31
       Plate armour      |    17 |   141 |   170 ||   328
Dodge: Dodged            |    41 |    59 |    72 ||   172
Block: Buckler           |    12 |    48 |    72 ||   132
